 Dungeon Crawl Stone Soup version 0.22.0-5-gf09313c (webtiles) character file.

98 brik the Shooter (level 4, -1/36 HPs)
             Began as a Centaur Hunter on Aug 13, 2018.
             Slain by Sigmund
             ... wielding a +0 scythe
              (7 damage)
             ... on level 2 of the Dungeon.
             The game lasted 00:09:24 (3315 turns).

brik the Shooter (Centaur Hunter)                   Turns: 3315, Time: 00:09:25

Health: -1/36      AC:  9    Str: 15    XL:     4   Next: 44%
Magic:  4/4        EV:  9    Int: 10    God:
Gold:   54         SH:  0    Dex: 10    Spells: 3/3 levels left

rFire    . . .     SeeInvis .   a - +1 shortbow
rCold    . . .     Gourm    .   (shield currently unavailable)
rNeg     . . .     Faith    .   c - +1 leather armour
rPois    .         Spirit   .   (no helmet)
rElec    .         Reflect  .   h - +0 cloak
rCorr    .         Harm     .   n - +2 pair of gloves
MR       .....                  (no barding)
Stlth    +.........             (no amulet)
HPRegen  0.12/turn              (no ring)
MPRegen  0.09/turn              (no ring)

@: drained, very quick
A: large, hooves 3, deformed body, speed 2, tough skin 3
a: no special abilities


You were on level 2 of the Dungeon.
You were not hungry.

You visited 1 branch of the dungeon, and saw 2 of its levels.

You collected 54 gold pieces.

Inventory:

Hand Weapons
 a - a +1 shortbow (weapon)
 b - a +0 short sword
 j - a +3 hand axe of flaming
Missiles
 d - 8 arrows (quivered)
Armour
 c - a +1 leather armour (worn)
 h - a +0 cloak (worn)
 n - a +2 pair of gloves (worn)
Scrolls
 g - a scroll of enchant armour
 i - a scroll of remove curse
 l - a scroll of immolation
 m - a scroll of teleportation {unknown}
 o - 2 scrolls of identify
 q - a scroll of noise {unknown}
 r - a scroll of enchant weapon {unknown}
 s - a scroll of blinking {unknown}
Potions
 e - a potion of invisibility
 k - 2 potions of brilliance {unknown}
 p - 2 potions of agility {unknown}
Comestibles
 f - 3 rations


   Skills:
 - Level 2.0(1.9) Fighting
 + Level 3.6(3.5) Short Blades
 - Level 5.5(5.4) Bows
 - Level 1.3 Dodging
 - Level 0.4(0.3) Stealth


You had 3 spell levels left.
You didn't know any spells.
Your spell library was empty.

Dungeon Overview and Level Annotations

Branches:
Dungeon (2/15)

Altars:
Gozag
Kikubaaqudgha
Sif Muna
Trog
Yredelemnul

Annotations:
D:2 Sigmund


Innate Abilities, Weirdness & Mutations

You have hooves in place of feet.
Armour fits poorly on your strangely shaped body.
You cover ground very quickly.
You have extremely tough skin. (AC +3)


Message History

Firing (i - inventory)
d - 13 arrows (quivered)
Press: ? - help, Shift-Dir - straight line You shoot an arrow.
Something hits you!
Firing (i - inventory)
d - 12 arrows (quivered)
Press: ? - help, Shift-Dir - straight line You shoot an arrow.
You hear some strange, mumbled words.
A magic dart appears from out of thin air!
The magic dart hits you!
Firing (i - inventory)
d - 11 arrows (quivered)
Press: ? - help, Shift-Dir - straight line You shoot an arrow.
Something hits you!
* * * LOW HITPOINT WARNING * * *
Firing (i - inventory)
d - 10 arrows (quivered)
Press: ? - help, Shift-Dir - straight line You shoot an arrow.
Firing (i - inventory)
d - 9 arrows (quivered)
Press: ? - help, Shift-Dir - straight line You shoot an arrow.
Something hits you!
You die...

#####........#### #.
........(......(#####
#.
#####...(...........##
#. #
#........##..#...#
########. #
#.......(###.#.#.#
#.....#..
#####(.....†.# ##.#.##
#.###.#.#
##..(........# #.###.#
##.###.#..
.....)...@.((# ##{#.##
#.........
##.#...#(....# #@#.#.#
#........#
...#####.###.# ##.#.##
#.#.#.....
#####.##.###.# #.###.#
#.......##
<...#...@..#.# ##.#.##
#.......##
###.#.#.##(#.# #.#.#.#
#.##....##
....#...#@.### ##.#.##
#.##....##
.###....#.#..# #.###.#
#.#.....## .#
#)##.#.#.## ##.#.##
#.#....... .#
#.##.#<#.# #.#.#.#
#......#.#


There were no monsters in sight!

Vanquished Creatures
  Crazy Yiuf (D:2)
  Terence (D:2)
  2 oozes (D:1)
  2 worms (D:2)
  3 giant cockroaches
  7 goblins
  A hobgoblin (D:1)
  2 bats (D:1)
  4 frilled lizards
  5 kobolds
  5 rats
33 creatures vanquished.

Notes
Turn   | Place    | Note
-------+----------+-------------------------------------------
     0 | D:1      | brik the Centaur Hunter began the quest for the Orb.
     0 | D:1      | Reached XP level 1. HP: 17/17 MP: 1/1
   441 | D:1      | Reached skill level 1 in Short Blades
   462 | D:1      | Reached XP level 2. HP: 16/24 MP: 2/2
  1145 | D:2      | Reached XP level 3. HP: 29/29 MP: 3/3
  1186 | D:2      | Found a bloodstained altar of Trog.
  1189 | D:2      | Found a deep blue altar of Sif Muna.
  1193 | D:2      | Found a basalt altar of Yredelemnul.
  1194 | D:2      | Found an ancient bone altar of Kikubaaqudgha.
  1197 | D:2      | Found an opulent altar of Gozag.
  1223 | D:2      | Noticed Terence
  1253 | D:2      | Killed Terence
  2199 | D:2      | Found a runed door.
  2346 | D:2      | Noticed Sigmund
  2371 | D:2      | Reached XP level 4. HP: 29/36 MP: 4/4
  3010 | D:2      | Noticed Crazy Yiuf
  3036 | D:2      | Killed Crazy Yiuf
  3315 | D:2      | Slain by Sigmund

Skill      XL: |  1  2  3 |
---------------+----------+-----
Short Blades   | 1 2 3 |  3.6
Fighting       | |  2.0
Bows           | |  5.5
Dodging        | |  1.3
Stealth        | |  0.4

Action                   |  1- 3 |  4- 6 || total
-------------------------+-------+-------++-------
Melee: Short sword       |   107 |     8 ||   115
       Kick              |    17 |     2 ||    19
       Shortbow          |       |     1 ||     1
 Fire: Shortbow          |    18 |    26 ||    44
  Use: Scroll            |     4 |       ||     4
       Potion            |       |     1 ||     1
  Eat: Chunk             |     3 |       ||     3
       Ration            |       |     1 ||     1
Armor: Leather armour    |    36 |     4 ||    40
Dodge: Dodged            |    48 |     3 ||    51
